[Event "Titled Tuesday Blitz July 4 Late 2023"]
[White "Gomez Barrera, Javiera Belen"]
[Black "kripri"]
[WhiteFideId "3418723"]
[WhiteElo "2468"]
[BlackElo "2334"]
[Result "0-1"]
[Round "8"]
[TimeControl "180+2"]
[Date "2023.07.04"]
[WhiteClock "0:00:00"]
[BlackClock "0:00:12"]
[Board "99"]

1. e4 e6 2. d4 d5 3. Nc3 Bb4 4. e5 c5 5. a3 Bxc3+ 6. bxc3 Qc7 7. Nf3 Ne7 8. Bb5+ Bd7 9. a4 a6 10. Be2 c4 11. Ba3 Nbc6 12. O-O O-O 13. h4 Rfe8 14. h5 h6 15. Nh4 b5 16. Bd6 Qb7 17. a5 Nf5 18. Nxf5 exf5 19. Bf3 Nd8 20. g3 Ne6 21. Bg2 Bc6 22. Qf3 g6 23. Qe3 Kg7 24. Bh3 Ng5 25. Kg2 Qd7 26. Rh1 Nxh3 27. Rxh3 g5 28. Rah1 Re6 29. Bc5 f6 30. f4 fxe5 31. fxe5 Ree8 32. Rf1 Qe6 33. Rhh1 Rab8 34. Rf2 Rb7 35. Rhf1 Rf7 36. Qe2 Bd7 37. Kg1 Rg8 38. Bb6 Kh8 39. Qd1 f4 40. gxf4 gxf4+ 41. Rg2 Rxg2+ 42. Kxg2 Qh3+ 43. Kf2 Qe3+ 44. Kg2 Rg7+ 45. Kh2 Qg3+ 0-1


[Site "https://www.chess.com"]

[Event "Titled Tuesday Blitz July 4 Late 2023"]
[White "Avila Rodriguez, Joshua Ad"]
[Black "Shapiro, Daniel"]
[WhiteFideId "5126444"]
[BlackFideId "2001780"]
[WhiteElo "2455"]
[BlackElo "2345"]
[Result "1-0"]
[Round "8"]
[TimeControl "180+2"]
[Date "2023.07.04"]
[WhiteClock "0:00:03"]
[BlackClock "0:00:00"]
[Board "100"]

1. d4 Nf6 2. c4 e6 3. Nc3 Bb4 4. e3 d5 5. Ne2 O-O 6. a3 Bd6 7. Ng3 c6 8. Bd3 Nbd7 9. O-O b6 10. b4 Bb7 11. e4 dxc4 12. Bxc4 b5 13. Bd3 e5 14. Nf5 Bc7 15. Bg5 exd4 16. Nxd4 Ne5 17. Be2 h6 18. Bh4 Ng6 19. Bg3 Nf4 20. Nb3 Be5 21. Rc1 Qe7 22. Nc5 Bc8 23. Re1 a5 24. Qb3 axb4 25. axb4 Bg4 26. Bxg4 Nxg4 27. h3 Nf6 28. Ne2 N6h5 29. Nxf4 Bxf4 30. Bxf4 Nxf4 31. Qf3 Qg5 32. Rc3 Ra2 33. e5 Rb2 34. Ne4 Qf5 35. Ng3 Qg5 36. Qe4 h5 37. Rf3 Ne6 38. Rf5 Qg6 39. Rxh5 Rd8 40. Qxg6 fxg6 41. Rh4 Rdd2 42. Rg4 Rxf2 43. Ne4 Rf4 44. Rxg6 1-0


[Site "https://www.chess.com"]

[Event "Titled Tuesday Blitz July 4 Late 2023"]
[White "Bullen, Alex"]
[Black "Koc, Przemyslaw"]
[WhiteFideId "1801627"]
[BlackFideId "1109081"]
[WhiteElo "2295"]
[BlackElo "2454"]
[Result "1-0"]
[Round "8"]
[TimeControl "180+2"]
[Date "2023.07.04"]
[WhiteClock "0:00:29"]
[BlackClock "0:00:56"]
[Board "101"]

1. d4 d6 2. e4 Nf6 3. Nc3 e5 4. Nf3 Nbd7 5. Bc4 Be7 6. a4 c6 7. O-O h6 8. h3 a5 9. Re1 Qc7 10. Be3 Nf8 11. Qd2 g5 12. Rad1 Ng6 13. Nh2 Nf4 14. dxe5 dxe5 15. Nf1 O-O 16. Ng3 Be6 17. Bxe6 fxe6 18. Bxf4 gxf4 19. Nf1 Kh7 20. f3 Rg8 21. Nh2 h5 22. Re2 Rg3 23. Nf1 Rg7 24. Qe1 Rag8 25. Rdd2 Kh6 26. Kh1 b5 27. axb5 cxb5 28. Nxb5 Qb6 29. c4 Bb4 30. Nc3 Qc5 31. Qf2 Qxc4 32. Rc2 Bc5 33. Qh4 Be7 34. Qe1 Qa6 35. Rf2 Nd7 36. Qe2 Qxe2 37. Rfxe2 Nc5 38. Nb5 Nb3 39. Rc7 Bb4 40. Rxg7 Rxg7 41. Rc2 Ra7 42. Nxa7 Nd4 43. Rc4 Kg5 44. Nc6 Kf6 45. Nxd4 exd4 46. Rxd4 Ke5 47. Rd8 Bc5 48. Nd2 Kf6 49. Rh8 Kg6 50. Rc8 Bd4 51. Nc4 e5 52. Nxa5 Bxb2 53. Rc6+ Kg5 54. Nc4 Kh4 55. Nxb2 Kg3 56. Re6 h4 57. Rxe5 Kf2 58. Rf5 1-0


[Site "https://www.chess.com"]

[Event "Titled Tuesday Blitz July 4 Late 2023"]
[White "Uzcategui Rodriguez, Alejandro"]
[Black "Zampronha, Wladimir Camilo"]
[WhiteFideId "3903400"]
[BlackFideId "2103087"]
[WhiteElo "2446"]
[BlackElo "2293"]
[Result "1-0"]
[Round "8"]
[TimeControl "180+2"]
[Date "2023.07.04"]
[WhiteClock "0:01:27"]
[BlackClock "0:01:56"]
[Board "102"]

1. d4 Nf6 2. Nf3 e6 3. Bg5 c5 4. e3 Qb6 5. Nbd2 d5 6. c4 cxd4 7. exd4 dxc4 8. Bxc4 Qxb2 9. Bxf6 gxf6 10. O-O Qa3 11. d5 e5 12. Ne4 Nd7 13. d6 b6 14. Qd5 Rb8 15. Qxf7+ Kd8 16. Nxf6 Bxd6 1-0


[Site "https://www.chess.com"]

[Event "Titled Tuesday Blitz July 4 Late 2023"]
[White "texie1"]
[Black "Rodriguez Santiago, Jaime"]
[BlackFideId "3100898"]
[WhiteElo "2425"]
[BlackElo "2326"]
[Result "1-0"]
[Round "8"]
[TimeControl "180+2"]
[Date "2023.07.04"]
[WhiteClock "0:00:28"]
[BlackClock "0:00:18"]
[Board "103"]

1. Nf3 Nf6 2. c4 e6 3. e3 d5 4. b3 c5 5. Bb2 Nc6 6. cxd5 exd5 7. d4 Bg4 8. Be2 Be7 9. O-O O-O 10. h3 Bh5 11. dxc5 Bxc5 12. Nc3 Re8 13. Rc1 Bf8 14. Nb5 a6 15. Nbd4 Ne4 16. Nxc6 bxc6 17. Rxc6 Qa5 18. Qc2 Bg6 19. Bd3 Nd6 20. Bxg6 hxg6 21. a3 Rac8 22. Rxc8 Rxc8 23. Qd3 Ne4 24. Rd1 Rb8 25. b4 Qa4 26. Rc1 a5 27. Qxd5 axb4 28. Qxe4 Qb3 29. Be5 Re8 30. axb4 f6 31. Qc4+ Qxc4 32. Rxc4 fxe5 33. b5 e4 34. Ng5 Be7 35. Nxe4 Rb8 36. Nc3 Bf6 37. Nd5 Rxb5 38. Nxf6+ gxf6 39. Rc7 Rb1+ 40. Kh2 Rb2 41. Kg3 Rb5 42. f3 Rb3 43. e4 Rb2 44. h4 Rd2 45. Ra7 Rc2 46. Ra6 Kg7 47. Kh3 Rc1 48. g4 Rh1+ 49. Kg3 Rg1+ 50. Kf4 Rh1 51. Ra7+ Kg8 52. Ra8+ Kg7 53. Ra7+ Kg8 54. Kg3 Rg1+ 55. Kh2 Rf1 56. Kg2 Rb1 57. h5 g5 58. Kf2 Rb3 59. Kg3 Rb1 60. h6 Rh1 61. h7+ Kh8 62. Kg2 Rh6 63. Rf7 Rg6 64. Kg3 Rh6 65. Kg2 Rg6 66. Kf2 Rh6 67. Ke3 Rh3 68. e5 fxe5 69. Ke4 Rxh7 70. Rxh7+ Kxh7 71. Kxe5 Kg6 72. Ke6 Kg7 73. Kf5 Kh6 74. Kf6 Kh7 75. Kxg5 Kh8 76. f4 Kg7 77. f5 Kh8 78. Kf6 1-0


[Site "https://www.chess.com"]

[Event "Titled Tuesday Blitz July 4 Late 2023"]
[White "KorolDimitriy75"]
[Black "Osmonbekov, Talaibek"]
[BlackFideId "2017253"]
[WhiteElo "2424"]
[BlackElo "2169"]
[Result "0-1"]
[Round "8"]
[TimeControl "180+2"]
[Date "2023.07.04"]
[WhiteClock "0:00:00"]
[BlackClock "0:00:13"]
[Board "104"]

1. d4 e6 2. c4 f5 3. Nc3 Bb4 4. Qc2 Nf6 5. Nf3 O-O 6. Bd2 b6 7. g3 Bb7 8. Bg2 a5 9. O-O d6 10. Rfd1 Nbd7 11. Rac1 Bxc3 12. Bxc3 Ne4 13. d5 e5 14. b3 Nxc3 15. Qxc3 Nc5 16. Nd2 Bc8 17. a3 Bd7 18. b4 axb4 19. axb4 Na4 20. Qc2 Qg5 21. Ra1 h5 22. e3 f4 23. Ne4 Qg6 24. exf4 exf4 25. f3 fxg3 26. hxg3 Qh6 27. Kh2 h4 28. Qd2 hxg3+ 29. Kxg3 Qg6+ 30. Qg5 Qxg5+ 31. Nxg5 Nc3 32. Re1 Rxa1 33. Rxa1 Ne2+ 34. Kf2 Nf4 35. Bf1 Bf5 36. Ra7 Rc8 37. Ke3 Ng6 38. Bd3 Bxd3 39. Kxd3 Ne5+ 40. Kd4 g6 41. f4 Nf7 42. Ne6 Nh6 43. Rxc7 Ra8 44. Rc6 Ra3 0-1


[Site "https://www.chess.com"]

[Event "Titled Tuesday Blitz July 4 Late 2023"]
[White "Silva Lucena, Cristian"]
[Black "Cooper, Aaron"]
[WhiteFideId "2232588"]
[BlackFideId "2634945"]
[WhiteElo "2402"]
[BlackElo "2221"]
[Result "1-0"]
[Round "8"]
[TimeControl "180+2"]
[Date "2023.07.04"]
[WhiteClock "0:00:12"]
[BlackClock "0:01:03"]
[Board "105"]

1. Nf3 Nf6 2. c4 e6 3. e3 d5 4. Nc3 Be7 5. Be2 O-O 6. O-O dxc4 7. Bxc4 a6 8. b3 Nc6 9. Be2 b5 10. Bb2 Bb7 11. Rc1 Qd7 12. d4 Rad8 13. a4 b4 14. Nb1 Na5 15. Nbd2 c5 16. dxc5 Bd5 17. Bxa6 Bxf3 18. Nxf3 Qa7 19. Bd3 Bxc5 20. Qc2 Be7 21. Bxf6 Bxf6 22. Bxh7+ Kh8 23. Bd3 Bc3 24. Ng5 Qe7 25. h4 Rd6 26. Bc4 g6 27. Ne4 Nxc4 28. bxc4 Rc6 29. Nxc3 bxc3 30. Qxc3+ Kg8 31. g3 Rfc8 32. Qd4 Qb4 33. c5 Qa5 34. Rc4 Rxc5 35. Rfc1 Rxc4 36. Rxc4 Qe1+ 37. Kg2 Rb8 38. h5 Rb1 39. Rc8+ Kh7 40. Qh8# 1-0


[Site "https://www.chess.com"]

[Event "Titled Tuesday Blitz July 4 Late 2023"]
[White "Vaglio Munoz, Jaime"]
[Black "Vlassov, Nikolai"]
[WhiteFideId "6500145"]
[BlackFideId "4103360"]
[WhiteElo "2304"]
[BlackElo "2550"]
[Result "0-1"]
[Round "8"]
[TimeControl "180+2"]
[Date "2023.07.04"]
[WhiteClock "0:00:40"]
[BlackClock "0:00:09"]
[Board "106"]

1. Nf3 c5 2. c4 g6 3. b3 Bg7 4. Nc3 Bxc3 5. dxc3 b6 6. g3 Bb7 7. Bg2 d6 8. b4 Nd7 9. b5 Ngf6 10. O-O O-O 11. Bh6 Re8 12. h3 Qc7 13. a4 a5 14. Nd2 Bxg2 15. Kxg2 Rad8 16. f3 d5 17. Qb3 dxc4 18. Nxc4 Nh5 19. f4 e5 20. Nxe5 Nxe5 21. fxe5 Rxe5 22. Rf2 Rde8 23. g4 c4 24. Qd1 Re3 25. Rf3 Rxe2+ 26. Kf1 Qh2 27. Qxe2 Qxe2+ 28. Kg1 Qxf3 29. Rf1 Qg3+ 30. Kh1 Qxh3+ 31. Kg1 Qxg4+ 32. Kh1 Qh3+ 33. Kg1 Ng3 34. Bf4 Qxf1+ 35. Kh2 Qf2+ 36. Kh3 Qxf4 37. Kg2 Re2+ 38. Kh3 Qf1+ 39. Kg4 h5+ 40. Kh4 Rh2+ 41. Kg5 Qf5+ 42. Kh6 Qf4# 0-1


[Site "https://www.chess.com"]

[Event "Titled Tuesday Blitz July 4 Late 2023"]
[White "CarolinaLujan"]
[Black "Herman, Daniel"]
[BlackFideId "30935008"]
[WhiteElo "2298"]
[BlackElo "2404"]
[Result "0-1"]
[Round "8"]
[TimeControl "180+2"]
[Date "2023.07.04"]
[WhiteClock "0:00:00"]
[BlackClock "0:00:31"]
[Board "107"]

1. e4 c5 2. g3 d5 3. exd5 Qxd5 4. Nf3 Nc6 5. Bg2 Bg4 6. h3 Bh5 7. O-O Qd7 8. Nc3 Nf6 9. d3 e6 10. Be3 Be7 11. g4 Bg6 12. g5 Nd5 13. Bd2 O-O 14. Ne4 Bh5 15. Ng3 Bxf3 16. Bxf3 Nd4 17. Be4 f5 18. gxf6 Bxf6 19. c3 Nf5 20. Qg4 g6 21. Rae1 Rad8 22. Kh2 Qd6 23. Rg1 Kh8 24. Kh1 Be5 25. h4 Nxg3+ 26. fxg3 Rf2 27. Rg2 Rdf8 28. Re2 Rxe2 29. Qxe2 Bxg3 30. Bh6 Rf7 31. Kg1 Nf4 32. Bxf4 Qxf4 33. b3 Qc1+ 0-1


[Site "https://www.chess.com"]

[Event "Titled Tuesday Blitz July 4 Late 2023"]
[White "Saucey, Michel"]
[Black "Melikhov, Evgeny V."]
[WhiteFideId "601845"]
[BlackFideId "4122046"]
[WhiteElo "2287"]
[BlackElo "2401"]
[Result "0-1"]
[Round "8"]
[TimeControl "180+2"]
[Date "2023.07.04"]
[WhiteClock "0:00:00"]
[BlackClock "0:00:49"]
[Board "108"]

1. d4 Nf6 2. Nf3 d5 3. c4 e6 4. Nc3 Bb4 5. Qa4+ Nc6 6. e3 O-O 7. Bd2 dxc4 8. Bxc4 Bd6 9. Nb5 e5 10. Nxd6 cxd6 11. dxe5 dxe5 12. Bc3 Qe7 13. O-O Bg4 14. Nd2 a6 15. Qc2 b5 16. Bd3 b4 17. Be4 Rac8 18. Bxc6 Rxc6 19. Bxb4 Rxc2 20. Bxe7 Rxd2 21. Bxf8 Kxf8 22. f3 Be6 23. b3 Nd5 24. Rf2 Rd3 25. Re1 f6 26. e4 Nf4 27. Rc2 h5 28. g3 Nh3+ 29. Kg2 Ng5 30. f4 Nxe4 31. fxe5 f5 32. Rf1 g6 33. Rf3 Rd1 34. Rf1 Rd5 0-1


[Site "https://www.chess.com"]

[Event "Titled Tuesday Blitz July 4 Late 2023"]
[White "Arnold, Ken"]
[Black "Santos, Rafael Ventura Dos"]
[WhiteFideId "2056836"]
[BlackFideId "2122227"]
[WhiteElo "2389"]
[BlackElo "2275"]
[Result "1-0"]
[Round "8"]
[TimeControl "180+2"]
[Date "2023.07.04"]
[WhiteClock "0:00:12"]
[BlackClock "0:00:23"]
[Board "109"]

1. e4 c5 2. Nf3 g6 3. d4 cxd4 4. Qxd4 Nf6 5. e5 Nc6 6. Qf4 Nd5 7. Qd2 Nb6 8. b3 Bg7 9. Bb2 O-O 10. c4 d6 11. exd6 Bxb2 12. Qxb2 Qxd6 13. Be2 Bg4 14. O-O e5 15. Rd1 Qe7 16. Nc3 Rfe8 17. Nd5 Nxd5 18. cxd5 Bxf3 19. Bxf3 Nd4 20. Be2 Rac8 21. Rd2 Qd6 22. Bc4 b5 23. Rxd4 exd4 24. Bxb5 Qxd5 25. Bxe8 Rxe8 26. Rd1 d3 27. Qc3 d2 28. Kf1 Rd8 29. h3 h5 30. Qe3 a5 31. f3 a4 32. Kf2 axb3 33. axb3 Kh7 34. b4 h4 35. Qf4 g5 36. Qe4+ Qxe4 37. fxe4 Rd4 38. Ke3 Rxb4 39. Rxd2 Kg6 40. Rd5 f6 41. Rc5 Rb3+ 42. Kf2 Rb2+ 43. Kf3 Rb1 44. e5 fxe5 45. Rxe5 Kh5 46. Re8 Rb3+ 47. Ke2 Rb7 48. Kf2 Rf7+ 49. Ke2 Kg6 50. Re5 Rf6 51. Ra5 Rf4 52. Ke3 Kh5 53. Ra8 Rf1 54. Ke2 Rf4 55. Rg8 Rb4 56. Kf3 Rb3+ 57. Kf2 Kh6 58. Ke2 Rb5 59. Kf2 Kh7 60. Rc8 Kg6 61. Rc6+ Kf5 62. Rc4 Ra5 63. Kf3 Ra3+ 64. Kf2 Rd3 65. Rb4 Rd2+ 66. Kf3 Rd3+ 67. Kf2 Rd5 68. Rc4 Ke5 69. Kf3 Rd3+ 70. Ke2 Rb3 71. Rc5+ Kf4 72. Rc4+ Kf5 73. Kf2 Rb5 74. Kf3 Rd5 75. Kf2 Rd3 76. Ra4 Rc3 77. Ke2 Rb3 78. Kf2 Kg6 79. Ra5 Kh5 80. Ra6 Rb2+ 81. Kf3 Rb4 82. g4+ hxg3 83. Kxg3 Rb3+ 84. Kg2 Rb4 85. Rc6 Kh4 86. Rh6# 1-0


[Site "https://www.chess.com"]

[Event "Titled Tuesday Blitz July 4 Late 2023"]
[White "Mendez Machado, Andre"]
[Black "BenchGM"]
[WhiteFideId "6603793"]
[WhiteElo "2253"]
[BlackElo "2370"]
[Result "1-0"]
[Round "8"]
[TimeControl "180+2"]
[Date "2023.07.04"]
[WhiteClock "0:00:08"]
[BlackClock "0:00:00"]
[Board "110"]

1. e4 e6 2. d4 d5 3. Nd2 c5 4. exd5 Qxd5 5. Ngf3 cxd4 6. Bc4 Qd7 7. O-O Nc6 8. Re1 Nf6 9. Nb3 Bd6 10. Bg5 O-O 11. Bxf6 gxf6 12. Nfxd4 Nxd4 13. Nxd4 Be5 14. Qg4+ Kh8 15. Rad1 Qc7 16. Nf3 Rg8 17. Qh4 Bxb2 18. c3 Bxc3 19. Rc1 Qa5 20. Re3 Bb2 21. Rb1 Rd8 22. h3 Be5 23. Nxe5 fxe5 24. Qf6+ Kg8 25. Rg3+ Kf8 26. Rg7 Rd7 27. Rxh7 1-0


[Site "https://www.chess.com"]

[Event "Titled Tuesday Blitz July 4 Late 2023"]
[White "Seletsky, Grigory"]
[Black "Thiel, Thomas"]
[WhiteFideId "14112191"]
[BlackFideId "4615964"]
[WhiteElo "2349"]
[BlackElo "2221"]
[Result "1/2-1/2"]
[Round "8"]
[TimeControl "180+2"]
[Date "2023.07.04"]
[WhiteClock "0:00:18"]
[BlackClock "0:00:48"]
[Board "111"]

1. e4 d5 2. Nc3 dxe4 3. Nxe4 Nf6 4. Nxf6+ exf6 5. d4 Bd6 6. c3 O-O 7. Bd3 Re8+ 8. Ne2 Nd7 9. Qc2 Nf8 10. Bd2 b6 11. O-O-O Bb7 12. f3 c5 13. Kb1 Rc8 14. h4 h6 15. dxc5 Bxc5 16. Bb5 Bc6 17. Bxc6 Rxc6 18. Bxh6 Rd6 19. Bc1 Be3 20. Bxe3 Rxe3 21. Nd4 g6 22. Nf5 gxf5 23. Rxd6 Qxd6 24. Qxf5 Qe6 25. Qf4 Re1+ 26. Rxe1 Qxe1+ 27. Kc2 Qe2+ 28. Kb3 Qxg2 29. Qxf6 Ne6 30. Qe7 Qxf3 31. Qxa7 Nc5+ 32. Ka3 Qc6 33. b3 Ne6 34. Kb2 Qd6 35. a4 Qd2+ 36. Ka3 Qd6+ 37. b4 Qc6 38. Kb2 Qg2+ 39. Kb3 Qd5+ 40. Kb2 Qd2+ 41. Kb3 Qd1+ 42. Kc4 Qe2+ 43. Kb3 Qd1+ 44. Kc4 Qe2+ 45. Kb3 Qd1+ 1/2-1/2


[Site "https://www.chess.com"]

[Event "Titled Tuesday Blitz July 4 Late 2023"]
[White "Schachpanda_Youtube"]
[Black "Haitin, Ilja"]
[BlackFideId "4501764"]
[WhiteElo "2226"]
[BlackElo "2331"]
[Result "0-1"]
[Round "8"]
[TimeControl "180+2"]
[Date "2023.07.04"]
[WhiteClock "0:00:00"]
[BlackClock "0:00:13"]
[Board "112"]

1. e4 e6 2. b3 d5 3. Bb2 Nc6 4. exd5 exd5 5. Nf3 Nf6 6. Be2 Bd6 7. O-O O-O 8. d4 Bf5 9. a3 h6 10. Re1 Ne4 11. Nbd2 Qf6 12. Bd3 Rae8 13. c4 Nxf2 14. Kxf2 Bxd3 15. cxd5 Nb8 16. Nc4 Be4 17. Ne5 Bxd5 18. Kg1 Be6 19. Qd2 Bd5 20. Qd3 Re7 21. Re2 Rfe8 22. Rae1 Nc6 23. Nxc6 bxc6 24. Ne5 Qg5 25. Bc1 Qf6 26. Rf1 Qe6 27. Bf4 Qc8 28. Rfe1 Qb7 29. b4 Qb5 30. Qg3 Kh8 31. Bxh6 gxh6 32. Qh4 Re6 33. Nxf7+ Kg7 34. Rxe6 Rxe6 35. Rxe6 Bxe6 36. Qxh6+ Kxf7 37. Qh7+ Kf6 38. Qh6+ Ke7 39. Qg7+ Bf7 0-1


[Site "https://www.chess.com"]

[Event "Titled Tuesday Blitz July 4 Late 2023"]
[White "Kostiukov, Alexandr"]
[Black "Sailer, Mike"]
[WhiteFideId "14108100"]
[BlackFideId "2012901"]
[WhiteElo "2305"]
[BlackElo "2145"]
[Result "0-1"]
[Round "8"]
[TimeControl "180+2"]
[Date "2023.07.04"]
[WhiteClock "0:00:08"]
[BlackClock "0:00:09"]
[Board "113"]

1. g3 d5 2. Bg2 Nf6 3. d3 Bf5 4. Nc3 e6 5. e4 Bg6 6. e5 Nfd7 7. f4 c5 8. Nf3 Be7 9. O-O Nc6 10. Bd2 O-O 11. h3 Rb8 12. g4 b5 13. Ne2 c4 14. Be3 cxd3 15. cxd3 Nb4 16. Nc1 Rc8 17. Nd4 Bc5 18. f5 Bxd4 19. Bxd4 Nc2 20. fxg6 Nxd4 21. gxh7+ Kxh7 22. Ne2 Nc2 23. Rc1 Ne3 24. Qd2 Nxf1 25. Rxf1 Nxe5 26. d4 Nc4 27. Qd3+ Kg8 28. b3 Nd6 29. Ng3 Qg5 30. Re1 Rc1 31. Qe2 Rxe1+ 32. Qxe1 Rc8 33. Kh2 Rc1 34. Qf2 Ne4 35. Nxe4 dxe4 36. Bxe4 Rc8 37. Bg2 Qc1 38. h4 Qc7+ 39. Kh3 Qc3+ 40. Kh2 Qd3 41. h5 Rc2 42. Qg3 Qxg3+ 43. Kxg3 Rd2 44. d5 exd5 45. Bf3 d4 46. Kf4 Rf2 47. Ke4 f6 48. Bd1 Rd2 49. Bf3 Kf7 50. a4 bxa4 51. bxa4 a5 52. Kf4 Ke6 53. Bc6 Rd1 54. Bb5 Kd5 55. Kf5 Kc5 56. Kg6 Rg1 57. Kxg7 Rxg4+ 58. Kxf6 Rh4 59. Kg5 Rh2 60. h6 Kb4 61. Kg6 Kc3 62. h7 d3 63. Kg7 d2 64. Be2 Kc2 65. h8=Q Rxh8 66. Kxh8 d1=Q 67. Bxd1+ Kxd1 68. Kg7 Kc2 69. Kf6 Kb3 70. Ke5 Kxa4 71. Kd4 Kb3 72. Kd3 a4 0-1


[Site "https://www.chess.com"]

[Event "Titled Tuesday Blitz July 4 Late 2023"]
[White "Howell, David W L"]
[Black "Sanchez, Robert"]
[WhiteFideId "410608"]
[BlackFideId "2034360"]
[WhiteElo "2997"]
[BlackElo "2207"]
[Result "1-0"]
[Round "8"]
[TimeControl "180+2"]
[Date "2023.07.04"]
[WhiteClock "0:00:07"]
[BlackClock "0:00:09"]
[Board "114"]

1. d4 Nf6 2. c4 e6 3. Bf4 d5 4. e3 Bd6 5. Bg3 Ne4 6. Nc3 Bb4 7. Qc2 h5 8. f3 Nxg3 9. hxg3 c6 10. f4 Nd7 11. Nf3 Nf6 12. Bd3 dxc4 13. Bxc4 Qa5 14. Rc1 Bd7 15. Ne5 Bd6 16. O-O h4 17. g4 h3 18. g5 Nd5 19. Rf3 hxg2 20. Ne4 Bxe5 21. fxe5 O-O-O 22. Kxg2 Kb8 23. Qf2 f5 24. exf6 gxf6 25. gxf6 Rdg8+ 26. Rg3 Rxg3+ 27. Qxg3+ Ka8 28. f7 a6 29. Qg8+ Rxg8+ 30. fxg8=Q+ Ka7 31. Qg3 Qb4 32. Bb3 e5 33. Qf2 exd4 34. exd4 Qb6 35. Nc5 Bc8 36. Rc3 Qb4 37. Rg3 a5 38. Bxd5 cxd5 39. a3 Qb5 40. Kh2 Qc4 41. b3 Qb5 42. Qd2 Qc6 43. a4 b6 44. Nd3 Bb7 45. Ne5 Qf6 46. Kg2 Qh4 47. Nf3 Qe4 48. Qe1 Qb1 49. Qxb1 1-0


[Site "https://www.chess.com"]

[Event "Titled Tuesday Blitz July 4 Late 2023"]
[White "Herman, Matthew"]
[Black "Sokolov, Andrei"]
[WhiteFideId "2028964"]
[BlackFideId "11600306"]
[WhiteElo "2491"]
[BlackElo "2264"]
[Result "1-0"]
[Round "8"]
[TimeControl "180+2"]
[Date "2023.07.04"]
[WhiteClock "0:00:12"]
[BlackClock "0:00:08"]
[Board "115"]

1. Nf3 d5 2. g3 Nf6 3. Bg2 Bf5 4. d3 e6 5. h3 c6 6. b3 Nbd7 7. Bb2 Be7 8. Nh4 Bg6 9. Nd2 O-O 10. Nxg6 hxg6 11. e3 e5 12. a3 Re8 13. h4 Bd6 14. g4 Nf8 15. g5 N6h7 16. Qf3 a5 17. Kf1 a4 18. b4 Qd7 19. Bh3 Qe7 20. Bg2 Qe6 21. Rc1 Qf5 22. Qe2 e4 23. Bh3 exd3 24. cxd3 Qe5 25. Bxe5 Bxe5 26. Rc2 Ne6 27. Qf3 d4 28. Ne4 dxe3 29. fxe3 Bc7 30. Bxe6 Rxe6 31. h5 gxh5 32. Qxh5 Kf8 33. Qxh7 Ke7 34. Qxg7 Rf8 35. Qd4 Be5 36. Qc5+ Bd6 37. Nxd6 Rxd6 38. Qe5+ Re6 39. Qc7+ Ke8 40. e4 f6 41. g6 f5 42. e5 f4 43. Rh7 f3 44. Qd7# 1-0


[Site "https://www.chess.com"]

[Event "Titled Tuesday Blitz July 4 Late 2023"]
[White "Guimaraes, Wagner Peixoto"]
[Black "Vega Gutierrez, Sabrina"]
[WhiteFideId "2100940"]
[BlackFideId "2219026"]
[WhiteElo "2261"]
[BlackElo "2391"]
[Result "0-1"]
[Round "8"]
[TimeControl "180+2"]
[Date "2023.07.04"]
[WhiteClock "0:00:02"]
[BlackClock "0:00:17"]
[Board "116"]

1. e4 c5 2. Nc3 Nc6 3. g3 g6 4. Bg2 Bg7 5. d3 d6 6. Be3 Nf6 7. h3 O-O 8. Nge2 Nd7 9. O-O b5 10. e5 Bb7 11. exd6 exd6 12. Nxb5 Nde5 13. f4 a6 14. fxe5 axb5 15. exd6 Qxd6 16. Bf4 Qd7 17. Nc3 Nd4 18. Ne4 Ne6 19. Qf3 Ra7 20. Qd1 f5 21. Nc3 Bxg2 22. Kxg2 b4 23. Ne2 Bxb2 24. Rb1 Rxa2 25. Ng1 Bg7 26. Rf2 Nd4 27. Nf3 Qd5 28. Kg1 Nxf3+ 29. Qxf3 Qxf3 30. Rxf3 Rxc2 31. Bd6 Rd8 32. Be7 Rd7 33. Bg5 Rc3 34. Kf2 Rdxd3 35. Rxd3 Rxd3 36. Be7 Bd4+ 37. Ke2 Rxg3 38. Rd1 Re3+ 39. Kf1 Rxe7 0-1


[Site "https://www.chess.com"]

[Event "Titled Tuesday Blitz July 4 Late 2023"]
[White "Prydun, Andriy"]
[Black "rionelG"]
[WhiteFideId "14145898"]
[WhiteElo "2384"]
[BlackElo "2253"]
[Result "0-1"]
[Round "8"]
[TimeControl "180+2"]
[Date "2023.07.04"]
[WhiteClock "0:00:25"]
[BlackClock "0:00:11"]
[Board "117"]

1. e4 c5 2. Nf3 d6 3. d4 cxd4 4. Nxd4 Nf6 5. Nc3 a6 6. Rg1 g6 7. Be3 Bg7 8. f3 Nc6 9. Qd2 O-O 10. g4 Bd7 11. h4 b5 12. h5 Qb8 13. hxg6 fxg6 14. Nd5 Nxd5 15. Nxc6 Bxc6 16. exd5 Bd7 17. Be2 b4 18. O-O-O Bb5 19. Bd4 Bxd4 20. Bxb5 Bxg1 21. Bc6 Qb6 22. Re1 Rac8 23. Rxe7 Rf7 24. Re6 Rcf8 25. Qg5 Qd4 26. Be8 Rxf3 27. Bxg6 Rf1+ 0-1


[Site "https://www.chess.com"]

[Event "Titled Tuesday Blitz July 4 Late 2023"]
[White "Campos, Maria Jose"]
[Black "Clawitter, Craig"]
[WhiteFideId "146803"]
[BlackFideId "2023105"]
[WhiteElo "2368"]
[BlackElo "2247"]
[Result "1-0"]
[Round "8"]
[TimeControl "180+2"]
[Date "2023.07.04"]
[WhiteClock "0:01:12"]
[BlackClock "0:00:00"]
[Board "118"]

1. c4 e6 2. g3 Nf6 3. Bg2 d5 4. Nf3 Be7 5. O-O O-O 6. d4 dxc4 7. Na3 c5 8. dxc5 Qa5 9. Nxc4 Qxc5 10. b3 Nc6 11. Ba3 Qh5 12. Bxe7 Nxe7 13. Qc2 Bd7 14. Nfe5 Bc6 15. Nxc6 Nxc6 16. e3 Rac8 17. Rfd1 Ne5 18. Bxb7 Nf3+ 19. Bxf3 Qxf3 20. Qb2 h5 21. Ne5 Qf5 22. Rac1 h4 23. Qd4 hxg3 24. hxg3 Ne4 25. Nd3 Rcd8 26. Qb2 Qf3 27. Ne1 Qh5 28. Rxd8 Rxd8 29. Ng2 Ng5 30. Nh4 Rd1+ 31. Kg2 Ne4 32. Qc2 Rxc1 33. Qxc1 g5 34. Nf3 g4 35. Qc8+ Kg7 36. Nd4 Qd5 37. Kg1 Ng5 38. Qc3 Nh3+ 39. Kf1 Qh1+ 40. Ke2 Qg1 41. Nf3+ 1-0


[Site "https://www.chess.com"]

[Event "Titled Tuesday Blitz July 4 Late 2023"]
[White "Slovineanu, Viacheslav"]
[Black "Kovacevic, Radmila"]
[WhiteFideId "13900510"]
[BlackFideId "933171"]
[WhiteElo "2339"]
[BlackElo "2235"]
[Result "1-0"]
[Round "8"]
[TimeControl "180+2"]
[Date "2023.07.04"]
[WhiteClock "0:00:37"]
[BlackClock "0:00:33"]
[Board "120"]

1. d4 e5 2. dxe5 Nc6 3. Nf3 Qe7 4. Nc3 Nxe5 5. e4 c6 6. Be2 d6 7. O-O Bg4 8. Bf4 Nf6 9. Bxe5 dxe5 10. Nd2 Bxe2 11. Qxe2 Qb4 12. Rab1 Bd6 13. a3 Qc5 14. Rfd1 Bc7 15. Nc4 b5 16. Ne3 a5 17. Rd3 b4 18. Na4 Qb5 19. b3 Nxe4 20. Nc4 f5 21. Qh5+ g6 22. Qh6 Rd8 23. Qg7 Rf8 24. Qxc7 Rxd3 25. cxd3 Nc3 26. Nd6# 1-0


[Site "https://www.chess.com"]

[Event "Titled Tuesday Blitz July 4 Late 2023"]
[White "Cardozo Munar, Carlos Eduardo"]
[Black "Ferriz Barrios, Andres"]
[WhiteFideId "4409477"]
[BlackFideId "5104467"]
[WhiteElo "2337"]
[BlackElo "2188"]
[Result "0-1"]
[Round "8"]
[TimeControl "180+2"]
[Date "2023.07.04"]
[WhiteClock "0:00:00"]
[BlackClock "0:01:55"]
[Board "121"]

1. e4 e6 2. Nf3 d5 3. e5 c5 4. b4 cxb4 5. d4 Nc6 6. Bd3 a5 7. O-O Qb6 8. a3 b3 9. cxb3 Bd7 10. Be3 h5 11. Nbd2 Nh6 12. Rc1 Ng4 13. Bb1 Bxa3 14. Rc3 Nb4 15. Bg5 Bb5 16. Re1 Bb2 17. Rc5 Bxd4 18. Ne4 Bxc5 19. Nxc5 Qxc5 20. Qd2 Rc8 21. h3 Nh6 22. Qf4 Nd3 23. Bxd3 Bxd3 24. Nd4 Nf5 25. Nf3 Be4 26. Nd2 Bc2 27. Rc1 Qd4 28. Qf3 O-O 29. g4 Be4 30. Nxe4 Rxc1+ 31. Bxc1 dxe4 32. Qf4 hxg4 33. hxg4 Nh6 34. Be3 Qd1+ 35. Kg2 Qxg4+ 36. Qxg4 Nxg4 37. Bb6 Nxe5 0-1


[Site "https://www.chess.com"]